 Dungeon Crawl Stone Soup version 0.30-a0-639-g3916f1956a (webtiles) character file.

Game seed: 3338737589082867636

123 Sabo the Firebug (level 4, -1/31 HPs)
             Began as a Demonspawn Fire Elementalist on Jan 15, 2023.
             Was a Follower of Okawaru.
             Slain by a gnoll
             ... wielding a +0 spear
              (4 damage)
             ... on level 3 of the Dungeon.
             The game lasted 00:16:28 (2941 turns).

Sabo the Firebug (Demonspawn Fire Elementalist)     Turns: 2941, Time: 00:16:28

Health: -1/31      AC:  7    Str:  9    XL:     4   Next: 79%
Magic:  6/7        EV: 12    Int: 18    God:    Okawaru [*.....]
Gold:   63         SH:  0    Dex: 13    Spells: 4/7 levels left

rFire   . . .      SeeInvis .    g - +3 whip
rCold   . . .      Faith    .    (no shield)
rNeg    . . .      Spirit   .    a - +0 robe
rPois   .          Reflect  .    (no helmet)
rElec   .          Harm     .    (no cloak)
rCorr   .          Rampage  .    k - +2 pair of gloves
Will    .....                    (no boots)
Stlth   ++                       (no amulet)
HPRegen 0.25/turn                (no ring)
MPRegen 0.10/turn                (no ring)

@: no status effects
A: icy blue scales 1, demonic magic 1
a: Renounce Religion, Heroism


You were on level 3 of the Dungeon.
You worshipped Okawaru.
Okawaru was aware of your devotion.
You visited 1 branch of the dungeon, and saw 3 of its levels.

You collected 123 gold pieces.
You spent 60 gold pieces at shops.

Inventory:

Hand Weapons
 d - a +1 short sword of speed
 g - a +3 whip (weapon)
Armour
 a - a +0 robe (worn)
 k - a +2 pair of gloves (worn)
Scrolls
 c - a scroll of teleportation
 h - a scroll of enchant weapon
 m - 2 scrolls of fear
 n - a scroll of poison
Potions
 e - a potion of attraction {unknown}
 f - a potion of brilliance {unknown}
 i - a potion of berserk rage {unknown}
 l - a potion of haste {unknown}
 o - a potion of heal wounds {unknown}
 p - a potion of lignification {unknown}


   Skills:
 + Level 0.8 Fighting
 + Level 1.4 Maces & Flails
 + Level 2.2 Dodging
 + Level 2.2 Stealth
 + Level 2.4 Spellcasting
 + Level 1.7 Conjurations
 + Level 3.6 Fire Magic


You had 4 spell levels left.
You knew the following spells:

 Your Spells              Type           Power      Damage    Failure   Level
a - Foxfire               Conj/Fire      44%        2x1d6     6%          1
b - Scorch                Fire           30%        2d6       6%          2

Your spell library contained the following spells:

 Spells                   Type           Power      Damage    Failure   Level
 Inner Flame              Hex/Fire       8%         N/A       24%         3
 Kindle Blastsparks       Fire/Tloc/Air  12%        2d11      32%         3
 Flame Wave               Conj/Fire      11%        2d6       50%         4
 Borgnjor's Vile Clutch   Necr/Erth      1%         N/A       99%         5
 Animate Dead             Necr           Unusable   N/A       N/A         4
 Death Channel            Necr           Unusable   N/A       N/A         6

Dungeon Overview and Level Annotations

Branches:
Dungeon (3/15)

Altars:
Okawaru

Shops:
D:2 ?


Innate Abilities, Weirdness & Mutations

You are partially covered in icy blue scales. (AC +2)
Spells you cast may paralyse adjacent enemies.


Message History

You conjure some foxfire!
Malevolent energies surge around you.
A gnoll comes into view. It is wielding a +0 flail.
The foxfire hits the hobgoblin but does no damage. x2
Casting: Foxfire (safe; 6% risk of failure)
Confirm with . or Enter, or press ? or * to list all spells.
You conjure some foxfire!
Malevolent energies surge around you.
The gnoll shouts!
The foxfire hits the hobgoblin.
The hobgoblin is moderately wounded.
The foxfire hits the hobgoblin but does no damage.
The hobgoblin is moderately wounded.
Casting: Foxfire (safe; 6% risk of failure)
Confirm with . or Enter, or press ? or * to list all spells.
You conjure some foxfire!
Malevolent energies surge around you.
The foxfire hits the hobgoblin but does no damage.
The hobgoblin is moderately wounded.
The foxfire hits the hobgoblin but does no damage.
The hobgoblin is moderately wounded.
The gnoll hits you from afar with a +0 halberd!
Casting: Foxfire (safe; 6% risk of failure)
Confirm with . or Enter, or press ? or * to list all spells.
You conjure some foxfire!
Malevolent energies surge around you. The hobgoblin misses you.
The gnoll hits you from afar with a +0 halberd.
The foxfire hits the hobgoblin but does no damage.
The hobgoblin is moderately wounded.
The foxfire hits the hobgoblin.
You kill the hobgoblin!
Okawaru accepts your kill. The gnoll closely misses you. x2
Magic courses through your body.
The gnoll hits you from afar with a +0 halberd!
The gnoll barely misses you.
Casting: Foxfire (safe; 6% risk of failure)
Confirm with . or Enter, or press ? or * to list all spells.
You conjure some foxfire!
Malevolent energies surge around you.
The gnoll hits you from afar with a +0 halberd!
* * * LOW HITPOINT WARNING * * *
The gnoll hits you from afar with a +0 spear.
You die...

#..#.# #.... #.)#
#..# #..## #g..#
###gg.####
##v.[.....#
####.v@....#.#
#..........#.#
#####.###.(......#
#......###########
#......# ##......#
##.......#
#..####### #.##


You could see 3 gnolls.

Vanquished Creatures
  An orc wizard (D:3)
  5 gnolls
  A dart slug (D:2)
  3 orcs (D:3)
  4 endoplasms
  2 giant cockroaches
  4 goblins
  4 hobgoblins
  7 kobolds
  2 quokkas (D:1)
  4 ball pythons
  4 bats (D:1)
  5 rats
46 creatures vanquished.

Vanquished Creatures (others)
  94 foxfires
94 creatures vanquished.

Grand Total: 140 creatures vanquished

Notes
Turn   | Place    | Note
-------+----------+-------------------------------------------
     0 | D:1      | Sabo the Demonspawn Fire Elementalist began the quest for
                  | the Orb.
     0 | D:1      | Reached XP level 1. HP: 13/13 MP: 3/3
   294 | D:1      | Reached skill level 3 in Fire Magic
   498 | D:1      | Gained mutation: Spells you cast may paralyse adjacent
                  | enemies. [demonic ancestry]
   498 | D:1      | Reached XP level 2. HP: 16/19 MP: 1/5
   805 | D:1      | Found a faded altar of an unknown god.
   815 | D:1      | Prayed at the altar of an unknown god.
   815 | D:1      | Became a worshipper of Warmaster Okawaru
   815 | D:1      | Reached * piety under Okawaru
  1428 | D:1      | Gained mutation: You are partially covered in icy blue
                  | scales. (AC +2) [demonic ancestry]
  1428 | D:1      | Reached XP level 3. HP: 24/24 MP: 2/6
  1870 | D:2      | Found Nekufuefe's Magic Scroll Emporium.
  1903 | D:2      | Bought a scroll of identify for 20 gold pieces
  1903 | D:2      | Bought a scroll of identify for 20 gold pieces
  1903 | D:2      | Bought a scroll of identify for 20 gold pieces
  2318 | D:2      | Learned a level 2 spell: Scorch
  2502 | D:3      | Reached XP level 4. HP: 31/31 MP: 3/7
  2584 | D:3      | Reached skill level 1 in Maces & Flails
  2941 | D:3      | Slain by a gnoll

Illustrated notes

Levels and vault maps discovered:
D:1:      dpeg_arrival_renting, layout_loops_corners,
          ebering_ecumenical_altar_mist
D:2:      layout_rooms, serial_shops, shop
D:3:      layout_basic, minivault_25

Skill      XL: |  1  2  3  4 |
---------------+-------------+-----
Fire Magic     | 3 |  3.6
Dodging        | 2 |  2.2
Stealth        | 2 |  2.2
Maces & Flails | 1 |  1.4
Fighting       | |  0.8
Spellcasting   | |  2.4
Conjurations   | |  1.7

Action                   |  1- 3 |  4- 6 || total
-------------------------+-------+-------++-------
Melee: Short sword       |     3 |       ||     3
       Mace              |     2 |       ||     2
       Unarmed           |     1 |       ||     1
       Whip              |    35 |    12 ||    47
       Punch             |     1 |       ||     1
 Cast: Foxfire           |    33 |    19 ||    52
  Use: Scroll            |     7 |     1 ||     8
       Potion            |       |     1 ||     1
 Stab: Paralysed         |     3 |       ||     3
       Sleeping          |       |     1 ||     1
Armor: Robe              |     8 |     6 ||    14
Dodge: Dodged            |    27 |    10 ||    37

Table legend: (Time is in decaauts)
 A = Elapsed time spent in this place.
 B = Non-inter-level travel time spent in this place.
 C = Inter-level travel time spent in this place.
 D = Time resting spent in this place.
 E = Time spent auto-exploring this place.
 F = Levels seen in this place.
 G = Mean time per level.
                   A        B        C        D        E       F      G
               +--------+--------+--------+--------+--------+-----+--------+
         Total |   2942 |   2942 |      0 |    749 |      0 |   3 |  980.7 |
       Dungeon |   2942 |   2942 |      0 |    749 |      0 |   3 |  980.7 |
               +--------+--------+--------+--------+--------+-----+--------+

Top non-repeatable levels by time:
     D:1: 1860 daAuts
     D:2: 561 daAuts
     D:3: 520 daAuts
